 Dungeon Crawl Stone Soup version 0.25.1-2-g60ff931df9 (webtiles) character file.

Game seed: 17063184349985214493

303 lepoulpe303 the Magician (level 6, -6/28 HPs)
             Began as a Spriggan Earth Elementalist on Sept 3, 2020.
             Blown up by a kobold (23 damage)
             ... with a disintegration bolt
             ... on level 3 of the Dungeon.
             The game lasted 00:13:59 (3853 turns).

lepoulpe303 the Magician (SpEE)                     Turns: 3853, Time: 00:13:59

Health: -6/28      AC:  8    Str:  4    XL:     6   Next: 15%
Magic:  13/13      EV: 22    Int: 18    God:
Gold:   120        SH:  0    Dex: 17    Spells: 1/14 levels left

rFire    + + .     SeeInvis +   (weapon currently unavailable)
rCold    + + .     Gourm    .   (shield currently unavailable)
rNeg     + + +     Faith    .   (armour currently unavailable)
rPois    ∞         Spirit   .   (helmet currently unavailable)
rElec    +         Reflect  .   (cloak currently unavailable)
rCorr    +         Harm     .   (gloves unavailable)
MR       +....                  (boots unavailable)
Stlth    +++.......             (amulet currently unavailable)
HPRegen  0.09/turn              (ring currently unavailable)
MPRegen  0.13/turn              (ring currently unavailable)

@: wisp-form, flying, quick
A: tiny, unfitting armour, see invisible, herbivore, slow metabolism 2
a: no special abilities


You were on level 3 of the Dungeon.
You were not hungry.
You were an insubstantial wisp.
You visited 1 branch of the dungeon, and saw 3 of its levels.

You collected 120 gold pieces.

Inventory:

Hand Weapons
 a - a +0 dagger (melded)
 b - a +0 short sword
Missiles
 j - 39 poisoned darts (quivered)
 Q - 96 stones
Armour
 c - a +0 robe (melded)
Jewellery
 f - an uncursed ring of protection from fire {unknown}
Scrolls
 d - 3 scrolls of identify {unknown}
 g - 4 scrolls of remove curse {unknown}
 n - a scroll of noise {unknown}
 o - a scroll of blinking {unknown}
 q - a scroll of enchant weapon {unknown}
 r - a scroll of random uselessness {unknown}
Potions
 h - 3 potions of lignification {unknown}
 i - a potion of degeneration {unknown}
 k - a potion of magic {unknown}
 l - a potion of stabbing {unknown}
 m - a potion of ambrosia {unknown}
 p - 5 potions of haste {unknown}
 s - a potion of flight {unknown}
Comestibles
 e - 6 rations


   Skills:
 + Level 1.8 Short Blades
 + Level 4.3 Dodging
 + Level 4.4 Stealth
 * Level 4.6 Spellcasting
 - Level 1.3 Transmutations
 + Level 0.9 Air Magic
 * Level 4.0 Earth Magic
 + Level 1.1 Poison Magic


You had one spell level left.
You knew the following spells:

 Your Spells              Type           Power        Failure   Level  Hunger
a - Sandblast             Erth           ###...       2%          1    None
b - Mephitic Cloud        Conj/Pois/Air  #.......     30%         3    ###....
c - Petrify               Tmut/Erth      ##......     41%         4    ####...
w - Passwall              Tmut/Erth      ##......     7%          2    #......
x - Stone Arrow           Conj/Erth      ##....       19%         3    ###....

Your spell library contained the following spells:

 Spells                   Type           Power        Failure   Level  Hunger
 Magic Dart               Conj           #...         14%         1    None
 Blink                    Tloc           N/A          22%         2    #......
 Call Imp                 Summ           #.......     22%         2    #......
 Slow                     Hex            #.......     22%         2    #......
 Conjure Flame            Conj/Fire      #.......     38%         3    ###....
 Lee's Rapid Deconstruct  Erth           ###.......   58%         5    ######.


Dungeon Overview and Level Annotations

Branches:
Dungeon (3/15)

Altars:

Annotations:
D:3 Sigmund


Innate Abilities, Weirdness & Mutations

You are very small and have problems with some larger weapons.
You are too small for most types of armour.
You have supernaturally acute eyesight. (SInv)
You are a herbivore.
((You cover ground extremely quickly.))
You need to consume almost no food.


Message History

The kobold shouts!
The kobold zaps a wand.
You resist with significant effort.
You hit the kobold but do no damage. The kobold completely misses you.
You closely miss the kobold.
The kobold zaps a wand.
You are blasted!
Sigmund zaps a wand.
You turn into an insubstantial wisp.
Your +0 dagger melds into your body.
Your +0 robe melds into your body.
You take 11 damage, and have 17/28 hp.
MASSIVE DAMAGE!!
The kobold closely misses you.
You blink.
The kobold throws a stone.
The stone hits you but does no damage.
You see here a stone.
The kobold zaps a wand.
You are blasted!
Ouch! That really hurt!
You die...

.....................#......
..................<.........
.............####..K.######.
......#..########..#K.......
...<..#............#########
......#...######.......#
###.###.#.## #..(....# #.#
#.#..#####.......# #.#
#.......##v......# #.#
#................#
###.###................#
.....##..............###
.....##.##...........#
.....##.##...........#
.....##.##.......)...#
........###.#####'####
.....######..##


You could see a kobold.

Levels and vault maps discovered:
D:1:      dpeg_arrival_snail, layout_basic
D:2:      layout_rooms
D:3:      layout_basic, uniq_sigmund

Notes
Turn   | Place    | Note
-------+----------+-------------------------------------------
     0 | D:1      | lepoulpe303 the Spriggan Earth Elementalist began the quest
                  | for the Orb.
     0 | D:1      | Reached XP level 1. HP: 9/9 MP: 5/5
    60 | D:1      | Identified a +0 whip
    84 | D:1      | Identified a +0 club
   135 | D:1      | Reached skill level 3 in Spellcasting
   263 | D:1      | Identified a +0 club
   294 | D:1      | Reached XP level 2. HP: 13/13 MP: 7/7
   301 | D:1      | Identified a +0 dagger
   305 | D:1      | Identified a +0 club
   393 | D:1      | Reached skill level 3 in Earth Magic
   458 | D:1      | Learned a level 2 spell: Passwall
   732 | D:1      | Identified a +0 short sword
   884 | D:1      | HP: 3/13 [ooze (3)]
   886 | D:1      | Reached XP level 3. HP: 4/16 MP: 6/8
   891 | D:1      | Learned a level 3 spell: Stone Arrow
  1354 | D:1      | Identified a +0 short sword
  1661 | D:2      | Identified a +0 club
  1662 | D:2      | Identified a +0 flail
  1662 | D:2      | Identified a +0 spear
  1752 | D:2      | Identified a +0 spear
  1754 | D:2      | Reached XP level 4. HP: 21/21 MP: 10/10
  1778 | D:2      | Reached skill level 1 in Short Blades
  1780 | D:2      | Reached skill level 4 in Stealth
  1806 | D:2      | Learned a level 3 spell: Mephitic Cloud
  1810 | D:2      | Identified a +0 halberd
  1813 | D:2      | Reached skill level 4 in Spellcasting
  1849 | D:2      | Reached XP level 5. HP: 24/24 MP: 9/12
  1961 | D:2      | Reached skill level 4 in Dodging
  2065 | D:2      | Identified a +0 dagger
  2301 | D:2      | Identified a +0 club
  2303 | D:2      | Identified a +0 dagger
  2349 | D:3      | Identified a +0 scythe
  2349 | D:3      | Identified a +0 robe
  2349 | D:3      | Noticed Sigmund
  2349 | D:3      | Identified a +0 dagger
  2349 | D:3      | Identified a +0 hand axe
  2371 | D:3      | Identified a +0 falchion
  2371 | D:3      | Identified a +0 scale mail
  2371 | D:3      | Identified a +0 club
  2371 | D:3      | Identified a +0 leather armour
  2371 | D:3      | Identified a +0 club
  2767 | D:3      | Identified a +0 flail
  2767 | D:3      | Identified a +0 leather armour
  2863 | D:3      | Identified a +0 short sword
  2936 | D:3      | Identified a +0 short sword
  2936 | D:3      | Identified a +1 leather armour of fire resistance
  2938 | D:3      | Identified a +0 dagger
  2973 | D:3      | Reached skill level 1 in Poison Magic
  3078 | D:3      | Identified a +0 hand axe
  3079 | D:3      | Identified a +0 leather armour
  3079 | D:3      | Identified a +0 short sword
  3079 | D:3      | Identified a +0 club
  3083 | D:3      | Identified a +0 whip
  3083 | D:3      | Identified a +0 leather armour
  3084 | D:3      | Identified a +0 club
  3084 | D:3      | Identified a +0 leather armour
  3084 | D:3      | Identified a cursed ring of teleportation
  3421 | D:3      | Identified a +0 leather armour
  3425 | D:3      | Identified a +0 mace
  3432 | D:3      | Reached XP level 6. HP: 28/28 MP: 8/13
  3436 | D:3      | Identified a +0 club
  3436 | D:3      | Identified a +0 ring mail
  3438 | D:3      | Learned a level 4 spell: Petrify
  3443 | D:3      | Identified a +0 mace
  3708 | D:3      | Identified a +0 dagger
  3719 | D:3      | Reached skill level 4 in Earth Magic
  3799 | D:3      | Identified a +0 club
  3799 | D:3      | Identified a cursed +0 leather armour
  3853 | D:3      | Blown up by a kobold

Table legend:
 A = Turns spent in this place as a percentage of turns spent in the entire game.
 B = Non-inter-level travel turns spent in this place as a percentage of non-inter-level travel turns spent in the entire game.
 C = Inter-level travel turns spent in this place as a percentage of turns spent in this place.
 D = Turns resting spent in this place as a percentage of non-inter-level travel turns spent in this place.
 E = Turns spent auto-exploring this place as a percentage of non-inter-level travel turns spent in this place.
 F = Non-inter-level travel turns spent in this place divided by the number of levels of this place that you've seen.
                   A       B       C       D       E      F
               +-------+-------+-------+-------+-------+----------------------
         Total | 100.0 | 100.0 |   2.0 |  38.1 |  34.9 | 1259.0
       Dungeon | 100.0 | 100.0 |   2.0 |  38.1 |  34.9 | 1259.0
               +-------+-------+-------+-------+-------+----------------------

Table legend:
 A = Kills in this place as a percentage of kills in entire the game.
 B = Kills by you in this place as a percentage of kills by you in the entire game.
 C = Kills by friends in this place as a percentage of kills by friends in the entire game.
 D = Other kills in this place as a percentage of other kills in the entire game.
 E = Experience gained in this place as a percentage of experience gained in the entire game.
 F = Experience gained in this place divided by the number of levels of this place that you have seen.
                   A       B       C       D       E      F
               +-------+-------+-------+-------+-------+----------------------
         Total | 100.0 | 100.0 |   N/A |   N/A | 100.0 | 144.3
       Dungeon | 100.0 | 100.0 |   N/A |   N/A | 100.0 | 144.3
               +-------+-------+-------+-------+-------+----------------------

Skill      XL: |  1  2  3  4  5  6 |
---------------+-------------------+-----
Spellcasting   | 3 4 |  4.6
Earth Magic    | 3 4 |  4.0
Short Blades   | 1 |  1.8
Stealth        | 4 |  4.4
Dodging        | 4 |  4.3
Poison Magic   | 1 |  1.1
Transmutations | |  1.3
Air Magic      | |  0.9

Action                   |  1- 3 |  4- 6 || total
-------------------------+-------+-------++-------
Melee: Unarmed           |    26 |       ||    26
       Dagger            |    47 |   221 ||   268
       Short sword       |     7 |       ||     7
Throw: Dart              |     5 |    17 ||    22
       Stone             |     1 |       ||     1
 Cast: Sandblast         |    33 |    22 ||    55
 Stab: Sleeping          |     3 |    10 ||    13
  Eat: Ration            |       |     1 ||     1
Armor: Robe              |    15 |     9 ||    24
Dodge: Dodged            |   119 |   155 ||   274

Vanquished Creatures
  A crimson imp (D:2)
  2 orc priests (D:3)
  6 gnolls (D:2)
  6 adders
  2 oozes (D:1)
  3 dart slugs
  2 leopard geckos
  17 orcs
  A ball python (D:1)
  A giant cockroach (D:2)
  5 goblins
  4 hobgoblins
  8 kobolds
  10 bats
  2 frilled lizards (D:2)
  5 rats (D:1)
75 creatures vanquished.
